 Dungeon Crawl Stone Soup version 0.18.1-8-gdd0e5ea (webtiles) character file.

115 Hipnos the Magician (level 4, -3/32 HPs)
             Began as a Mummy Wizard on May 21, 2016.
             Slain by a sky beast (6 damage)
             ... on level 3 of the Dungeon.
             The game lasted 00:13:56 (2611 turns).

Hipnos the Magician (Mummy Wizard)                  Turns: 2611, Time: 00:13:57

Health: -3/32      AC:  2    Str: 10    XL:     4   Next: 68%
Magic:  1/8        EV: 12    Int: 18    God:
Gold:   176        SH:  0    Dex: 10    Spells: 2 memorised, 6 levels left

rFire  x . .     SeeInvis .     d - +1 spear (freeze)
rCold  + . .     Gourm    .     a - +0 robe
rNeg   + + +     Faith    .     (no shield)
rPois  ∞         Spirit   .     b - +0 hat
rElec  .         Dismiss  .     (no cloak)
rCorr  .         Reflect  .     (no gloves)
SustAt .         Harm     .     (no boots)
MR     .....                    (no amulet)
Stlth  ++........               (no ring)
                                (no ring)

@: very slightly contaminated, not resistant to hostile enchantments, unstealthy
A: no food or potions, fire vulnerability, cold resistance 1, negative energy
resistance 3, torment resistance, unbreathing
a: no special abilities


You were on level 3 of the Dungeon.
You were not hungry.

You visited 1 branch of the dungeon, and saw 3 of its levels.

You collected 176 gold pieces.

Inventory:

Hand Weapons
 d - a +1 spear of freezing (weapon)
Armour
 a - a +0 robe (worn)
 b - a +0 hat (worn)
Jewellery
 m - an uncursed ring of wizardry {unknown}
Scrolls
 e - 6 scrolls of identify {unknown}
 f - a scroll of enchant armour {unknown}
 g - a scroll of amnesia {unknown}
 h - a scroll of recharging {unknown}
 i - 2 scrolls of enchant weapon {unknown}
 j - a scroll of fog {unknown}
 k - 3 scrolls of magic mapping {unknown}
 l - 2 scrolls of remove curse {unknown}
Books
 c - a book of Minor Magic

   Spells                             Type                      Level
   a - Magic Dart                     Conjuration                  1
   b - Blink                          Translocation                2
   c - Call Imp                       Summoning                    2
   d - Repel Missiles                 Charms/Air                   2
   e - Slow                           Hexes                        2
   f - Conjure Flame                  Conjuration/Fire             3
   g - Mephitic Cloud                 Conjuration/Poison/Air       3


   Skills:
 + Level 1.0 Fighting
 + Level 0.7 Polearms
 + Level 1.7 Dodging
 - Level 1.5 Stealth
 - Level 3.0 Spellcasting
 - Level 1.7 Conjurations
 * Level 2.8 Summonings
   Level 0.7 Translocations


You had 6 spell levels left.
You knew the following spells:

 Your Spells              Type           Power        Failure   Level  Hunger
a - Magic Dart            Conj           #...         12%         1    N/A
b - Call Imp              Summ           ##......     10%         2    N/A

Dungeon Overview and Level Annotations

Branches:
Dungeon (3/15)

Altars:


Innate Abilities, Weirdness & Mutations

You do not eat or drink.
Your flesh is vulnerable to fire.
You are immune to poison.
Your flesh is cold resistant.
You are immune to negative energy.
You are immune to unholy pain and torment.
You can survive without breathing.


Message History

Your crimson imp hits the sky beast but does no damage.
The sky beast barely misses you.
Your crimson imp closely misses the sky beast.
Your crimson imp hits the sky beast but does no damage.
Your crimson imp hits the sky beast but does no damage.
Your crimson imp blinks!
You see here a dagger.
The sky beast flickers out of sight!
Deactivating autopickup; reactivate with Ctrl-A.
You see here a war axe.
Casting: Call Imp
Confirm with . or Enter, or press ? or * to list all spells.
You miscast Call Imp.
You are very lightly contaminated with residual magic.
You feel a strange surge of energy!
A sky beast appears from thin air!
Reactivating autopickup.
The sky beast hits you.
* * * LOW HITPOINT WARNING * * *
The sky beast shocks you.
You die...

#..5.....# #####....#
#....# .. #....# ...
#....####...
#.........######
###..÷....#5....
#######.......#...§.
#..@Y.........#.....
#.#####.......######
#.#####.......# ####
#).......#.#### #...
##.######.#.######...
#..(....#!.....(.....
##.####.#.#...).##...
##.####.###.....##...
#................)...


You could see a sky beast.

Vanquished Creatures
  2 adders
  An ooze (D:1)
  2 dart slugs
  3 bats
  A giant cockroach (D:1)
  10 goblins
  5 hobgoblins
  3 jackals (D:2)
  8 kobolds
  4 giant newts (D:1)
  6 rats
45 creatures vanquished.

Vanquished Creatures (collateral kills)
  3 adders
  An ooze (D:1)
  2 dart slugs
  2 giant geckos (D:2)
  A ball python (D:2)
  4 goblins
  2 hobgoblins
  A kobold (D:2)
  A quokka (D:2)
  3 bats
  3 giant newts
  2 rats (D:1)
25 creatures vanquished.

Grand Total: 70 creatures vanquished

Notes
Turn   | Place    | Note
--------------------------------------------------------------
     0 | D:1      | Hipnos the Mummy Wizard began the quest for the Orb.
     0 | D:1      | Reached XP level 1. HP: 13/13 MP: 4/4
    86 | D:1      | Reached skill level 1 in Conjurations
   214 | D:1      | Reached XP level 2. HP: 18/19 MP: 1/6
   223 | D:1      | Learned a level 2 spell: Call Imp
   351 | D:1      | Reached skill level 1 in Summonings
   620 | D:1      | Reached XP level 3. HP: 13/24 MP: 4/7
  1734 | D:2      | Reached XP level 4. HP: 28/31 MP: 5/8
  2310 | D:3      | Reached skill level 1 in Fighting
  2518 | D:3      | Noticed a sky beast
  2545 | D:3      | Noticed an eye of draining
  2611 | D:3      | Slain by a sky beast

Skill      XL: |  1  2  3  4 |
---------------+-------------+-----
Conjurations   | 1 |  1.7
Summonings     | 1 2 |  2.8
Fighting       | 1 |  1.0
Polearms       | |  0.7
Dodging        | |  1.7
Stealth        | |  1.5
Spellcasting   | |  3.0
Translocations | |  0.7

Action                   |  1- 3 |  4- 6 || total
-------------------------+-------+-------++-------
Melee: Spear             |    44 |    54 ||    98
 Cast: Magic Dart        |    35 |    10 ||    45
       Call Imp          |    16 |    21 ||    37
 Stab: Sleeping          |     2 |     2 ||     4
Armor: Robe              |     3 |    10 ||    13
Dodge: Dodged            |    18 |    29 ||    47
